 Dungeon Crawl Stone Soup version 0.29-a0-824-gd827844252 (webtiles) character file.

Game seed: 1338709101229241014

60 Malachi the Magician (level 4, 0/27 HPs)
             Began as an Octopode Earth Elementalist on July 10, 2022.
             Slain by a hobgoblin (2 damage)
             ... led by Robin
             ... on level 2 of the Dungeon.
             The game lasted 00:03:06 (1533 turns).

Malachi the Magician (Octopode Earth Elementalist)  Turns: 1533, Time: 00:03:07

Health: 0/27       AC:  1    Str:  6 (7)  XL:     4   Next: 6%
Magic:  9/9        EV: 13    Int: 17 (19) God:
Gold:   62         SH:  0    Dex: 11 (12) Spells: 9/10 levels left

rFire   . . .      SeeInvis .   j - +2 dagger (venom)
rCold   . . .      Faith    .   (no shield)
rNeg    . . .      Spirit   .   (helmet restricted)
rPois   .          Reflect  .   (no amulet)
rElec   .          Harm     .   (no ring)
rCorr   .          Rampage  .   (no ring)
Will    +....      Rage     3%  (no ring)
Stlth   ++........              (no ring)
HPRegen 0.09/turn               (no ring)
MPRegen 0.11/turn               (no ring)
                                (no ring)
                                (no ring)

@: mighty, silenced, hasted, very quick
A: almost no armour, amphibious, 8 rings, camouflage 1, gelatinous body 1,
(nimble swimmer 1), tentacles, beak, berserk 1, strong-willed 1
a: no special abilities


You were on level 2 of the Dungeon.
You visited 1 branch of the dungeon, and saw 2 of its levels.

You collected 62 gold pieces.

Inventory:

Hand Weapons
 j - a +2 dagger of venom (weapon)
 k - a +1 dagger of electrocution
Armour
 i - an orb of guile
Scrolls
 f - a scroll of identify
 n - a scroll of teleportation {unknown}
 o - a scroll of amnesia {unknown}
Potions
 a - a potion of magic
 b - 2 potions of curing
 g - 2 potions of degeneration


   Skills:
 + Level 0.8 Short Blades
 - Level 2.0 Dodging
 - Level 2.6 Stealth
 + Level 3.7 Spellcasting
 - Level 1.0 Transmutations
 - Level 3.0 Earth Magic


You had 9 spell levels left.
You knew the following spells:

 Your Spells              Type           Power      Damage    Failure   Level
a - Sandblast             Erth           26%        2d8       4%          1

Your spell library contained the following spells:

 Spells                   Type           Power      Damage    Failure   Level
 Passwall                 Tmut/Erth      8%         N/A       11%         2
 Stone Arrow              Conj/Erth      16%        3d8       26%         3
 Petrify                  Tmut/Erth      10%        N/A       56%         4


Dungeon Overview and Level Annotations

Branches:
Dungeon (2/15)

Altars:

Shops:
D:1 :!?

Annotations:
D:2 Robin


Innate Abilities, Weirdness & Mutations

You cannot wear most types of armour.
You are amphibious.
You can wear up to eight rings at the same time.
Your skin changes colour to match your surroundings (Stealth+).
Your rubbery body absorbs attacks. (AC +1, EV +1)
((You are camouflaged when in or above water. (Stealth+)))
You have tentacles for arms and can constrict up to eight enemies at once.
You have a beak for a mouth.
You sometimes lose your temper in combat.
You are strong-willed. (Will+)


Message History

As you read the scroll labelled ZAROTU OGHAA, it crumbles to dust.
It is a scroll of enchant weapon.
Your +0 dagger of electrocution glows red for a moment.
The goblin closely misses you.
The hobgoblin hits you but does no damage.
A goblin comes into view. It is wielding a +0 club.
As you read the scroll labelled HUUN GOEWN, it crumbles to dust.
It is a scroll of identify.
m - a scroll of silence The hobgoblin hits you.
The goblin hits you with a +0 dagger.
* * * LOW HITPOINT WARNING * * *
As you read the scroll of silence, it crumbles to dust.
A profound silence engulfs you. The hobgoblin barely misses you.
The goblin barely misses you.
Magic scrolls do not work when you're silenced!
Unknown command.
It was a potion of curing.
You feel better.
The hobgoblin no longer looks unusually strong.
The goblin hits you with a +0 dagger. The hobgoblin hits you.
It was a potion of haste.
You feel yourself speed up.
The goblin no longer looks unusually strong. x2
The hobgoblin misses you. The goblin closely misses you.
It was a potion of degeneration.
There was something very wrong with that liquid.
You feel weakened.
You feel dopey.
You feel clumsy. The goblin hits you but does no damage.
The hobgoblin hits you.
* * * LOW HITPOINT WARNING * * *
It was a potion of might.
You feel very mighty all of a sudden.
It was a potion of mutation.
You feel extremely strange.
You feel a little pissed off.
You feel strong-willed.
Your mouth lengthens and hardens into a beak!
The goblin no longer looks unusually strong. x2
The goblin hits you with a +0 dagger.
* * * LOW HITPOINT WARNING * * *
The hobgoblin misses you.
You puncture the goblin!
You kill the goblin!
The hobgoblin hits you.
You die...

.................#
.....#####......##
................#
..######..†....## ..#
###........# ..###....#.....#
..#...#........#
..........###.##### .....######
#.##@)## ... ..#...#####
#.###gg# ...
..........###..###g########....
................(.ggg..........
.......)..#####.#.##g#####....#
..............#...##.......#...
...........##.................#
##...###..........###.........#
##.†..# #.....................#


You could see Robin, a hobgoblin and 5 goblins.

Vanquished Creatures
  Jessica (D:2)
  4 dart slugs (D:1)
  3 bats
  6 endoplasms
  2 giant cockroaches (D:1)
  4 goblins (D:2)
  A kobold (D:1)
  5 rats
26 creatures vanquished.

Notes
Turn   | Place    | Note
-------+----------+-------------------------------------------
     0 | D:1      | Malachi the Octopode Earth Elementalist began the quest for
                  | the Orb.
     0 | D:1      | Reached XP level 1. HP: 11/11 MP: 3/3
   273 | D:1      | Found Deyd's Book Shop.
   361 | D:1      | Reached XP level 2. HP: 12/17 MP: 2/5
   796 | D:1      | Found a faded altar of an unknown god.
   930 | D:1      | Found Hetone Laog's Distillery.
  1028 | D:1      | Reached XP level 3. HP: 21/21 MP: 4/7
  1071 | D:1      | Found Quluupsi's Magic Scroll Emporium.
  1389 | D:2      | Noticed Jessica
  1395 | D:2      | Killed Jessica
  1493 | D:2      | Reached XP level 4. HP: 27/27 MP: 9/9
  1505 | D:2      | Noticed Robin
  1532 | D:2      | Gained mutation: You sometimes lose your temper in combat.
                  | [potion of mutation]
  1532 | D:2      | Gained mutation: You are strong-willed. (Will+) [potion of
                  | mutation]
  1532 | D:2      | Gained mutation: You have a beak for a mouth. [potion of
                  | mutation]
  1533 | D:2      | Slain by a hobgoblin

Illustrated notes

Levels and vault maps discovered:
D:1:      dpeg_arrival_round_a, layout_basic, serial_shops, nicolae_shop_stone,
          nicolae_shop_trees, shop, hellmonk_ecumenical_altar_defaced_shrine,
          minmay_crystal_room
D:2:      layout_rooms, grunt_ministairs_12, minmay_tromino_v7,
          uniq_crazy_yiuf_cottage, uniq_terence, uniq_jessica, uniq_robin

Skill      XL: |  1  2 |
---------------+-------+-----
Spellcasting   | 3 |  3.7
Short Blades   | |  0.8
Dodging        | |  2.0
Stealth        | |  2.6
Transmutations | |  1.0
Earth Magic    | |  3.0

Action                   |  1- 3 |  4- 6 || total
-------------------------+-------+-------++-------
Melee: Rapier            |     6 |       ||     6
       Constrict         |     4 |     3 ||     7
       Tentacles         |     3 |     4 ||     7
       Dagger            |     7 |     9 ||    16
 Cast: Sandblast         |    18 |       ||    18
  Use: Potion            |       |     5 ||     5
       Scroll            |       |     4 ||     4
Armor: Skin              |       |     8 ||     8
Dodge: Dodged            |     5 |    18 ||    23

Table legend: (Time is in decaauts)
 A = Elapsed time spent in this place.
 B = Non-inter-level travel time spent in this place.
 C = Inter-level travel time spent in this place.
 D = Time resting spent in this place.
 E = Time spent auto-exploring this place.
 F = Levels seen in this place.
 G = Mean time per level.
                   A        B        C        D        E       F      G
               +--------+--------+--------+--------+--------+-----+--------+
         Total |   1551 |   1543 |      8 |    240 |   1067 |   2 |  775.5 |
       Dungeon |   1551 |   1543 |      8 |    240 |   1067 |   2 |  775.5 |
               +--------+--------+--------+--------+--------+-----+--------+

Top non-repeatable levels by time:
     D:1: 1368 daAuts
     D:2: 183 daAuts
